 Dungeon Crawl Stone Soup version 0.31-a0-983-g7b6862f502 (webtiles) character file.

Game seed: 16257556757944716018

335141 gruber the Impassioned (level 21, -38/116 HPs)
             Began as a Vine Stalker Fighter on Nov 2, 2023.
             Was a Believer of Uskayaw.
             Annihilated by Vv (44 damage)
             ... on level 2 of the Depths.
             The game lasted 01:01:05 (33536 turns).

gruber the Impassioned (Vine Stalker Fighter)      Turns: 33536, Time: 01:01:11

Health: -38/116    AC: 21    Str: 25      XL:     21   Next: 86%
Magic:  0/34       EV: 28    Int:  6 (8)  God:    Uskayaw [**....]
Gold:   3411       SH: 20    Dex: 31      Spells: 20/20 levels left

rFire   + + .        k - +7 Throatcutter {drain, coup de grace}
rCold   . . .        G - +0 kite shield {rC+}
rNeg    + . .        v - +3 ring mail of Hospitality {rElec rF+ Str+4 Slay+3}
rPois   +            O - +2 helmet
rElec   +            h - +0 cloak
rCorr   .            m - +1 pair of gloves
SInv    .            Q - +2 pair of boots
Will    ++++.        X - amulet "Gezu Uhe" {Reflect Str+2 SH+5}
Stlth   +++++        I - ring of Gir Voy {Drain Fly rPois rF+ rN+}
HPRegen 1.19/turn    c - ring "Ynaus" {Fly rElec rC- Will++ Dex+6}
MPRegen 0.24/turn

%: reflection, guardian spirit
@: mighty, flying, hasted, very quick
A: fangs 3, regeneration 1, magic shield, antimagic bite, no potion heal 2
}: 2/15 runes: serpentine, barnacled
a: Renounce Religion, Stomp, Line Pass


You were on level 2 of the Depths.
You worshipped Uskayaw.
Uskayaw was most pleased with you.
You visited 8 branches of the dungeon, and saw 36 of its levels.
You also visited: Ossuary.

You collected 4518 gold pieces.
You spent 1107 gold pieces at shops.

Inventory:

Hand Weapons
 k - the +7 Throatcutter (weapon) {drain, coup de grace}
   (You took it off Terence on level 2 of the Dungeon)
 Y - a +4 scimitar of flaming
Missiles
 M - 3 curare-tipped darts
Armour
 h - a +0 cloak (worn)
 m - a +1 pair of gloves (worn)
 v - the +3 ring mail of Hospitality (worn) {rElec rF+ Str+4 Slay+3}
   (You found it on level 4 of the Dungeon)

   Str+4:     It affects your strength (+4).
   Slay+3:    It affects your accuracy & damage with ranged weapons and melee
   (+3).
   rF+:       It protects you from fire.
   rElec:     It insulates you from electricity.
 G - a +0 kite shield of cold resistance (worn)
 O - a +2 helmet (worn)
 Q - a +2 pair of boots (worn)
Jewellery
 c - the ring "Ynaus" (right hand) {Fly rElec rC- Will++ Dex+6}
   (You bought it in a shop on level 2 of the Orcish Mines)

   [ring of dexterity]

   Dex+6:     It affects your dexterity (+6).
   rC-:       It makes you vulnerable to cold.
   rElec:     It insulates you from electricity.
   Will++:    It greatly increases your willpower.
   Fly:       It grants you flight.
 e - a +4 ring of slaying
 f - a ring of resist corrosion
 j - a ring of protection from cold
 I - the ring of Gir Voy (left hand) {Drain Fly rPois rF+ rN+}
   (You acquired it on level 1 of the Shoals)

   [ring of positive energy]

   rF+:       It protects you from fire.
   rPois:     It protects you from poison rN+: It protects you from negative
   energy.
   Fly:       It grants you flight.
   Drain:     It drains your maximum health when unequipped.
 K - a ring of protection from cold
 T - a ring of protection from fire
 X - the amulet "Gezu Uhe" (around neck) {Reflect Str+2 SH+5}
   (You found it on level 14 of the Dungeon)

   [amulet of reflection]

   Reflect:   It reflects blocked missile attacks.
   Str+2:     It affects your strength (+2).
   SH+5:      It affects your SH (+5).
 Z - a ring of poison resistance
Wands
 n - a wand of polymorph (20)
 p - a wand of flame (95) (quivered)
 s - a wand of mindburst (49)
 E - a wand of digging (18)
 F - a wand of paralysis (43)
 P - a wand of iceblast (24)
 V - a wand of light (12)
Scrolls
 a - 8 scrolls of immolation {unknown}
 b - 9 scrolls of fear {unknown}
 i - 12 scrolls of teleportation {unknown}
 q - 9 scrolls of fog {unknown}
 u - 6 scrolls of enchant armour {unknown}
 w - 5 scrolls of enchant weapon
 y - 2 scrolls of revelation
 A - a scroll of butterflies
 B - 3 scrolls of blinking
 C - a scroll of poison
 N - 3 scrolls of amnesia
 R - a scroll of silence
Potions
 d - 7 potions of might
 g - 3 potions of mutation
 l - 16 potions of curing
 o - 7 potions of enlightenment
 r - 5 potions of haste
 t - 5 potions of attraction
 x - 5 potions of lignification
 z - 4 potions of berserk rage
 D - a potion of invisibility
 H - 2 potions of magic
 J - 2 potions of cancellation
 L - 3 potions of brilliance
 S - a potion of resistance
 U - 5 potions of ambrosia


   Skills:
 * Level 14.4 Fighting
 - Level 4.7(11.1) Short Blades
 - Level 15.3(15.6) Long Blades
 - Level 12.1 Armour
 - Level 16.0 Dodging
 - Level 11.0 Stealth
 - Level 10.0 Shields
 - Level 17.3 Invocations


You had 20 spell levels left.
You didn't know any spells.
Your spell library contained the following spells:

 Spells                   Type           Power      Damage    Failure   Level
 Apportation              Tloc           0%         N/A       75%         1
 Magic Dart               Conj           0%         1d3       75%         1
 Necrotise                Necr           0%         1d4       75%         1
 Shock                    Conj/Air       0%         1d3       75%         1
 Summon Small Mammal      Summ           0%         N/A       75%         1
 Blink                    Tloc           0%         N/A       87%         2
 Cigotuvi's Dreadful Rot  Necr/Pois/Air  0%         N/A       87%         2
 Ensorcelled Hibernation  Hex/Ice        0%         N/A       87%         2
 Lesser Beckoning         Tloc           0%         N/A       87%         2
 Momentum Strike          Conj/Tloc      0%         3d8       87%         2
 Passwall                 Tmut/Erth      0%         N/A       87%         2
 Scorch                   Fire           0%         2d5       87%         2
 Searing Ray              Conj           0%         2d4       87%         2
 Sublimation of Blood     Necr           0%         N/A       87%         2
 Wereblood                Tmut           0%         N/A       87%         2
 Call Canine Familiar     Summ           0%         N/A       98%         3
 Hailstorm                Conj/Ice       0%         3d3       98%         3
 Ignite Poison            Fire/Tmut/Pois 0%         N/A       98%         3
 Inner Flame              Hex/Fire       0%         N/A       98%         3
 Mephitic Cloud           Conj/Pois/Air  0%         N/A       98%         3
 Sigil of Binding         Hex            0%         N/A       98%         3
 Swiftness                Air            0%         N/A       98%         3
 Volatile Blastmotes      Fire/Tloc      0%         2d10      98%         3
 Airstrike                Air            0%         2d(0-16)  100%        4
 Animate Dead             Necr           0%         N/A       100%        4
 Dimensional Bullseye     Hex/Tloc       0%         N/A       100%        4
 Flame Wave               Conj/Fire      0%         2d4       100%        4
 Fulminant Prism          Conj/Hex       0%         3d5       100%        4
 Iskenderun's Mystic Bla  Conj/Tloc      0%         2d3       100%        4
 Leda's Liquefaction      Hex/Erth       0%         N/A       100%        4
 Passage of Golubria      Tloc           0%         N/A       100%        4
 Petrify                  Tmut/Erth      0%         N/A       100%        4
 Sticky Flame             Conj/Fire      0%         2d3       100%        4
 Summon Ice Beast         Ice/Summ       0%         N/A       100%        4
 Freezing Cloud           Conj/Ice/Air   0%         6-21      100%        5
 Irradiate                Conj/Tmut      0%         3d11      100%        5
 Silence                  Hex/Air        0%         N/A       100%        5
 Summon Mana Viper        Hex/Summ       0%         N/A       100%        5
 Yara's Violent Unravell  Hex/Tmut       0%         3d3       100%        5
 Simulacrum               Ice/Necr       0%         N/A       100%        6
 Summon Cactus Giant      Summ           0%         N/A       100%        6
 Enfeeble                 Hex            0%         N/A       100%        7
 Haunt                    Necr/Summ      0%         N/A       100%        7
 Monstrous Menagerie      Summ           0%         N/A       100%        7
 Summon Hydra             Summ           0%         N/A       100%        7
 Discord                  Hex            0%         N/A       100%        8
 Infestation              Necr           0%         N/A       100%        8
 Lehudib's Crystal Spear  Conj/Erth      0%         10d2      100%        8


Dungeon Overview and Level Annotations

Branches:
Dungeon (15/15)            Temple (1/1) D:4            Lair (5/5) D:9
 Shoals (4/4) Lair:2        Snake (4/4) Lair:2        Slime (0/5) Lair:5
    Orc (2/2) D:9             Elf (0/3) Orc:2        Vaults (3/5) D:13
  Crypt (0/3) Vaults:2     Depths (2/4) D:15        Ossuary (visited)

Altars:
Ashenzari
Cheibriados
Dithmenos
Elyvilon
Fedhas
Gozag
Hepliaklqana
Kikubaaqudgha
Makhleb
Nemelex Xobeh
Okawaru
Qazlal
Ru
Sif Muna
Trog
Uskayaw
Vehumet
Wu Jian
Xom
Yredelemnul
Zin
The Shining One
Jiyva
Lugonu

Shops:
D:4 [   D:13 [   Orc:2 ![=(   Shoals:1 *   Snake:2 (   Snake:3 (   Vaults:2 :

Portals:
Hell: Depths:1 Depths:2
Abyss: Lair:5

Annotations:
D:3 1 runed translucent door, Crazy Yiuf
Snake:4 Roxanne
Vaults:1 2 transporters
Depths:2 Vv


Innate Abilities, Weirdness & Mutations

You have razor-sharp teeth.
Your natural rate of healing is unusually fast.
When hurt, damage is shared between your health and your magic reserves.
Your bite disrupts and absorbs the magic of your enemies.
Potions cannot restore your health.


Message History

Vv rends the earth beneath you! The blast of magma engulfs you!!
You partially resist.
There is a stone staircase leading up here.
You feel very mighty all of a sudden.
Unknown command.
Unknown command.
You slice Vv!! Your bite misses Vv.
Vv is lightly damaged.
You hit Vv but do no damage. You bite Vv!!
Vv's magic leaks into the air.
You drain her magic.
You feel invigorated.
Vv is lightly damaged.
Vv hits you!! Vv freezes you!!! Vv closely misses you.
You feel yourself speed up. Vv hits you! Vv freezes you!!!
* * * LOW HITPOINT WARNING * * *
You block Vv's attack.
Unknown command.
Unknown command.
You are too injured to fight recklessly!
You hit Vv but do no damage. Your bite misses Vv.
Vv is lightly damaged.
You hit Vv. You bite Vv.
Vv's magic leaks into the air.
You drain her magic.
You feel invigorated.
Vv is lightly damaged.
Vv falters for a moment.
You slash Vv! You bite Vv, but do no damage.
Vv is moderately damaged.
You can now pass through a line of other dancers.
You closely miss Vv. You bite Vv!
Vv's magic leaks into the air.
You drain her magic.
You feel invigorated.
Vv is moderately damaged.
You block Vv's attack. x2
You closely miss Vv. You bite Vv, but do no damage.
Vv is moderately damaged.
You barely miss Vv. You bite Vv!
Vv's magic leaks into the air.
You drain her magic.
You feel invigorated.
Vv is moderately damaged.
Vv hits you!
* * * LOW HITPOINT WARNING * * *
Vv freezes you!!!
You die...

##..####.........#..###..#[......
#..########......##.....###.....#
.......#...........###.....§###..
##.............#....##...........
##..≈≈≈≈≈≈≈....###...............
#..≈≈###≈#≈≈....##............>..
#..≈∩# ####≈....#................
#..~## ##~.#.##................
..)≈#### #∩≈..##@9...............
...≈≈#≈###≈≈.....<...............
....≈≈≈≈≈≈≈..####..............#.
.............# ##...............
#...........## ########........
###.....##### .... ####### ..#


You could see Vv (magic disrupted).

Vanquished Creatures
  Mara (Snake:4)
  Frederick (Vaults:2)
  2 caustic shrikes (Depths:1)
  Rupert (D:13)
  A quicksilver dragon (Snake:4)
  Polyphemus (Shoals:4)
  A sphinx (Vaults:2)
  A kraken (Shoals:3)
  3 tengu reavers
  Aizul (Snake:4)
  Kirke (D:13)
  7 nagarajas
  2 fire giants (Depths:1)
  2 frost giants
  7 vault wardens
  7 ironbound preservers
  An orc warlord (Vaults:2)
  4 formless jellyfish
  3 ironbound thunderhulks
  5 stone giants
  16 very ugly things
  A war gargoyle (Depths:1)
  Nessos (D:13)
  Azrael (D:14)
  7 dire elephants
  3 fire dragons
  8 merfolk javelineers
  2 eidola
  6 merfolk impalers
  2 entropy weavers (Vaults:2)
  5 yaktaur captains (Vaults:3)
  4 vault guards
  4 great orbs of eyes (Vaults:3)
  2 salamander tyrants (Snake:4)
  3 rakshasas (Depths:2)
  An ice dragon (Depths:2)
  9 hydras
  4 ogre magi (Orc:2)
  3 spriggan air magi
  A hell beast (Depths:1)
  4 merfolk avatars
  4 boulder beetles
  15 centaur warriors
  3 satyrs
  2 catoblepae
  9 ironbound frosthearts
  An anaconda (shapeshifter) (Vaults:3)
  A death knight (D:15)
  A dancing weapon (D:13)
  An alligator snapping turtle (Shoals:2)
  2 merfolk aquamancers
  A hell hog (Depths:1)
  13 anacondas
  5 tengu warriors
  3 two-headed ogres
  11 naga warriors
  A deep troll shaman (Depths:2)
  8 death yaks
  Urug (D:13)
  A deep troll earth mage (Depths:2)
  2 occultists
  8 hell knights
  A spriggan berserker (Depths:1)
  11 shock serpents
  4 thrashing horrors (Lair:5)
  Sonja (D:11)
  4 naga sharpshooters
  9 skeletal warriors (D:14)
  A salamander mystic (Snake:3)
  7 skysharks
  An iron troll (Depths:1)
  16 deep trolls
  12 sea snakes
  A quicksilver dragon simulacrum (Depths:1)
  A glowing orange brain (shapeshifter) (Vaults:3)
  12 ironbound convokers
  8 glowing orange brains
  7 arcanists
  3 phantasmal warriors (Vaults:2)
  7 lindwurms
  4 deep elf pyromancers
  8 naga ritualists
  Pikel (D:6)
  17 harpies
  An orc knight (D:15)
  12 mana vipers
  2 necromancers
  An oklob plant (Lair:5)
  50 ugly things
  12 cyclopes
  7 orc sorcerers (Orc:2)
  18 salamanders
  10 fauns
  19 manticores
  9 elephants
  8 merfolk sirens
  51 black mambas
  5 water nymphs
  A frost giant skeleton (Vaults:1)
  A human skeleton (Vaults:1)
  6 guardian serpents
  18 naga magi
  7 vault sentinels
  14 cane toads
  5 smoke demons (Lair:5)
  2 torpor snails
  7 gargoyles
  5 unseen horrors
  Jeremiah (D:8)
  15 yaktaurs
  2 rime drakes (Lair:5)
  A kobold demonologist (D:11)
  4 unseen horror zombies (D:9)
  A yaktaur (shapeshifter) (D:9)
  3 efreet
  A rime drake (shapeshifter) (D:14)
  3 tengu conjurers
  7 komodo dragons
  25 merfolk
  5 trolls
  3 polar bears (D:14)
  3 hornets
  7 wind drakes
  15 blink frogs
  Grinder (D:3)
  A queen bee (shapeshifter) (D:15)
  A tarantella (Vaults:2)
  2 raiju (Lair:5)
  A glass eye (Depths:2)
  2 dream sheep (Shoals:2)
  A stone giant simulacrum (Vaults:1)
  5 snapping turtles
  Sigmund (D:6)
  17 slime creatures
  11 water elementals
  3 wraiths
  Eustachio (D:6)
  3 spriggans
  55 yaks
  2 centaur simulacra (D:14)
  4 hogs (D:13)
  5 wyverns
  2 fire elementals (D:14)
  5 basilisks
  2 ynoxinuls (Lair:5)
  A steam dragon (D:7)
  11 vampire mosquitoes
  Menkaure (D:6)
  37 nagas
  Edmund (D:5)
  2 wargs
  A harpy simulacrum (D:14)
  An acid dragon (D:10)
  10 water moccasins
  2 hell hounds (D:14)
  Pargi (D:3)
  7 orc warriors
  2 hornet zombies (Ossuary)
  A sky beast (D:4)
  2 black bears
  4 wolves
  4 ice beasts
  7 ogres
  8 centaurs
  2 lemures (D:6)
  A boggart (D:9)
  5 kobold brigands
  12 bullfrogs
  2 scorpions
  3 water moccasin zombies (Ossuary)
  9 wights (D:9)
  11 small abominations (Lair:5)
  5 howler monkeys
  3 electric eels
  5 centaur zombies
  4 bullfrog zombies (Ossuary)
  8 orc priests
  4 jellies
  2 gnoll boudas
  2 hounds
  3 iron imps (D:10)
  An iguana (D:4)
  Ijyb (D:3)
  Terence (D:2)
  A sleepcap (D:5)
  Natasha (thrice) (D:2)
  30 orc wizards
  6 hell rats (Lair:3)
  4 killer bee zombies
  21 mummies (Ossuary)
  3 hound zombies (D:4)
  A hound skeleton (D:4)
  4 howler monkey zombies
  14 gnolls
  5 adders
  6 white imps (D:14)
  3 ufetubi
  An adder zombie (D:4)
  4 worms
  An adder skeleton (D:4)
  3 dart slugs
  58 orcs
  5 bats
  8 endoplasms
  2 giant cockroaches (D:2)
  13 goblins
  10 hobgoblins
  3 jackals (D:1)
  6 quokkas
  11 ball pythons
  3 frilled lizards
  20 kobolds
  7 rats
  4 tentacles (Shoals:3)
1307 creatures vanquished.

Vanquished Creatures (others)
  A glowing orange brain (Depths:1)
  A harpy (Shoals:2)
  A human (D:13)
  5 tentacles (Shoals:3)
8 creatures vanquished.

Grand Total: 1315 creatures vanquished

Notes
Turn   | Place    | Note
-------+----------+-------------------------------------------
     0 | D:1      | gruber the Vine Stalker Fighter began the quest for the
                  | Orb.
     0 | D:1      | Reached XP level 1. HP: 11/11 MP: 2/2
   201 | D:1      | Reached XP level 2. HP: 16/16 MP: 1/3
   225 | D:1      | Found a faded altar of an unknown god.
   450 | D:1      | Reached XP level 3. HP: 19/19 MP: 4/4
   840 | D:2      | Noticed Natasha
   848 | D:2      | Killed Natasha
   875 | D:2      | Reached XP level 4. HP: 21/23 MP: 3/5
   989 | D:2      | Noticed Natasha
   996 | D:2      | Killed Natasha
  1069 | D:2      | Noticed Terence
  1077 | D:2      | HP: 1/20 [Terence/the +7 Throatcutter {drain, coup de
                  | grace} (5)]
  1079 | D:2      | Killed Terence
  1080 | D:2      | Reached XP level 5. HP: 3/25 MP: 0/6
  1171 | D:2      | Noticed Natasha
  1175 | D:2      | Killed Natasha
  1176 | D:2      | Reached skill level 1 in Long Blades
  1531 | D:3      | Found an opulent altar of Gozag.
  1593 | D:3      | Noticed Ijyb
  1595 | D:3      | Killed Ijyb
  1652 | D:3      | Noticed Pargi
  1658 | D:3      | Killed Pargi
  1659 | D:3      | Reached XP level 6. HP: 31/32 MP: 7/7
  1717 | D:3      | Noticed Grinder
  1734 | D:3      | Killed Grinder
  1735 | D:3      | Reached skill level 5 in Long Blades
  1735 | D:3      | Reached XP level 7. HP: 31/35 MP: 3/8
  2014 | D:3      | Found a runed translucent door.
  2015 | D:3      | Noticed Crazy Yiuf
  2255 | D:4      | Identified the +3 ring mail of Hospitality {rElec rF+ Str+4
                  | Slay+3}
  2504 | D:4      | Found a sand-covered staircase.
  2517 | Ossuary  | Entered an ossuary
  2526 | Ossuary  | Gained mutation: You have razor-sharp teeth. [Vine Stalker
                  | growth]
  2526 | Ossuary  | Reached XP level 8. HP: 30/39 MP: 7/9
  2744 | Ossuary  | Reached XP level 9. HP: 43/43 MP: 10/10
  2861 | D:4      | Found an iron altar of Okawaru.
  2868 | D:4      | Identified the +8 spear of Caumoty {flame, Int+3}
  3030 | D:4      | Found a staircase to the Ecumenical Temple.
  3136 | D:4      | Found Dank's Armour Shop.
  3387 | Temple   | Entered the Ecumenical Temple
  3395 | Temple   | Became a worshipper of Uskayaw the Reveller
  3461 | D:5      | Entered Level 5 of the Dungeon
  3468 | D:5      | Reached * piety under Uskayaw
  3501 | D:5      | Reached ** piety under Uskayaw
  3505 | D:5      | Reached *** piety under Uskayaw
  3509 | D:5      | Reached **** piety under Uskayaw
  3512 | D:5      | Noticed Edmund
  3514 | D:5      | Reached ***** piety under Uskayaw
  3516 | D:5      | Killed Edmund
  3517 | D:5      | Reached skill level 10 in Long Blades
  3860 | D:6      | Noticed Pikel
  3861 | D:6      | Noticed Eustachio
  3863 | D:6      | Noticed Sigmund
  3870 | D:6      | Killed Sigmund
  3870 | D:6      | Killed Pikel
  3871 | D:6      | Reached skill level 1 in Dodging
  3880 | D:6      | Reached ****** piety under Uskayaw
  3882 | D:6      | Killed Eustachio
  3883 | D:6      | Reached XP level 10. HP: 44/47 MP: 11/11
  4009 | D:6      | Noticed Menkaure
  4032 | D:6      | Killed Menkaure
  4084 | D:6      | Found an ornate altar of the Wu Jian Council.
  4238 | D:6      | Reached skill level 5 in Armour
  4832 | D:8      | Noticed Jeremiah
  4874 | D:8      | Killed Jeremiah
  4906 | D:8      | Identified the +2 ring mail of Leaves {rC+ rCorr Str-5
                  | SInv}
  4916 | D:8      | Found a snail-covered altar of Cheibriados.
  5126 | D:8      | Found a basalt altar of Yredelemnul.
  5342 | D:8      | Found a radiant altar of Vehumet.
  5423 | D:9      | Noticed a centaur warrior
  5423 | D:9      | Noticed a cyclops
  5424 | D:9      | Found a runed translucent door.
  5426 | D:9      | Noticed a cyclops
  5426 | D:9      | Noticed a seven-headed hydra
  5426 | D:9      | Noticed a cane toad
  5426 | D:9      | Noticed a cyclops
  5426 | D:9      | Identified the staff of Gigabb {rElec rF+ Will++ Stlth-
                  | Fire}
  5450 | D:9      | Found a staircase to the Lair.
  5456 | D:9      | Identified the +2 robe of Happy Babbling {Will+ MP+9}
  5475 | D:9      | Reached XP level 11. HP: 51/51 MP: 12/12
  5502 | D:9      | Identified the +2 ring mail of Gallantry {rCorr Dex+3
                  | Stlth+}
  5596 | D:9      | Found a shimmering blue altar of Sif Muna.
  5600 | D:9      | Reached skill level 5 in Dodging
  5699 | D:9      | Reached skill level 5 in Shields
  5815 | D:9      | Found a staircase to the Orcish Mines.
  6021 | D:9      | Noticed an entropy weaver
  6040 | D:10     | Entered Level 10 of the Dungeon
  6380 | D:10     | Found a burning altar of Makhleb.
  6707 | D:11     | Noticed Sonja
  6711 | D:11     | Killed Sonja
  6743 | D:11     | Noticed a manticore
  6752 | D:11     | Killed a manticore
  6901 | D:11     | Noticed a manticore
  6916 | D:11     | Killed a manticore
  6944 | D:11     | Reached XP level 12. HP: 56/56 MP: 13/13
  7457 | Lair:1   | Entered Level 1 of the Lair of Beasts
  7822 | Lair:1   | Reached skill level 1 in Invocations
  7827 | Lair:1   | Reached skill level 2 in Invocations
  7913 | Lair:1   | Reached skill level 3 in Invocations
  7962 | Lair:1   | Reached skill level 4 in Invocations
  8202 | Lair:1   | Reached skill level 5 in Invocations
  8453 | Lair:2   | Found a staircase to the Snake Pit.
  8580 | Lair:2   | Reached skill level 6 in Invocations
  8745 | Lair:2   | Found a staircase to the Shoals.
  8752 | Lair:2   | HP: 1/56 [merfolk/+0 trident (9)]
  8756 | Lair:2   | Reached skill level 7 in Invocations
  8872 | Lair:2   | Reached skill level 8 in Invocations
  9197 | Lair:3   | Noticed an eight-headed hydra
  9279 | Lair:3   | Found a sacrificial altar of Ru.
  9317 | Lair:3   | Noticed a five-headed hydra
  9338 | Lair:3   | Killed a five-headed hydra
  9339 | Lair:3   | Reached skill level 9 in Invocations
  9435 | Lair:3   | Reached XP level 13. HP: 59/59 MP: 19/21
  9513 | Lair:3   | Reached skill level 10 in Invocations
  9684 | Lair:3   | Reached skill level 11 in Invocations
 10473 | Lair:4   | Reached skill level 5 in Fighting
 10795 | Lair:5   | Entered Level 5 of the Lair of Beasts
 11050 | Lair:5   | Identified the +0 leather armour of the Transparent Wumpus
                  | {rElec rC+ Dex+2}
 11199 | Lair:5   | Reached XP level 14. HP: 65/73 MP: 19/23
 11559 | Lair:5   | Found a viscous altar of Jiyva.
 11562 | Lair:5   | Found a staircase to the Slime Pits.
 12057 | Lair:5   | Found a corrupted altar of Lugonu.
 12057 | Lair:5   | Found a one-way gate to the infinite horrors of the Abyss.
 12111 | Lair:5   | Reached XP level 15. HP: 77/77 MP: 24/24
 12267 | Orc:1    | Entered Level 1 of the Orcish Mines
 12601 | Orc:2    | Entered Level 2 of the Orcish Mines
 12867 | Orc:2    | Found a staircase to the Elven Halls.
 13353 | Orc:2    | Found Rept's Antique Armour Boutique.
 13402 | Orc:2    | Found an ancient bone altar of Kikubaaqudgha.
 13605 | Orc:2    | Found a radiant altar of Vehumet.
 13615 | Orc:2    | Reached skill level 15 in Long Blades
 13633 | Orc:2    | Found Savugum's Antique Weapon Shop.
 13884 | Orc:2    | Found Zacuthra's Jewellery Boutique.
 13962 | Orc:2    | Found Ikeutuig's Distillery.
 14359 | D:12     | Reached XP level 16. HP: 81/81 MP: 25/25
 14519 | D:12     | Identified the +10 double sword "Vine Stalker's Bane"
                  | {venom, Str+3}
 14519 | D:12     | Identified the ring of Surprise {EV+5 Str+4}
 15209 | D:13     | Noticed Nessos
 15219 | D:13     | Killed Nessos
 15299 | D:13     | Found a gate to the Vaults.
 15739 | D:13     | Noticed Kirke
 15753 | D:13     | Killed Kirke
 15798 | D:13     | Noticed Rupert
 15808 | D:13     | Killed Rupert
 15919 | D:13     | Noticed Urug
 15928 | D:13     | Killed Urug
 16047 | D:13     | Found Xaymogy's Antique Armour Emporium.
 16438 | D:14     | Identified the amulet "Gezu Uhe" {Reflect Str+2 SH+5}
 16475 | D:14     | Reached skill level 10 in Shields
 16512 | D:14     | Reached skill level 1 in Stealth
 16578 | D:14     | Noticed Azrael
 16591 | D:14     | Killed Azrael
 16592 | D:14     | Reached skill level 5 in Stealth
 17496 | D:15     | Entered Level 15 of the Dungeon
 17563 | D:15     | Reached skill level 10 in Stealth
 17991 | D:15     | Reached XP level 17. HP: 86/86 MP: 26/26
 18050 | D:15     | Found a staircase to the Depths.
 18539 | Orc:2    | Bought a ring of poison resistance for 280 gold pieces
 18710 | Snake:1  | Entered Level 1 of the Snake Pit
 18857 | Snake:1  | Reached skill level 12 in Invocations
 18906 | Snake:1  | Identified a scroll of acquirement
 18907 | Snake:1  | Acquired 615 gold pieces
 19195 | Snake:2  | Found Battet's Weapon Boutique.
 19201 | Snake:2  | Reached skill level 13 in Invocations
 19688 | Snake:3  | Reached skill level 14 in Invocations
 19906 | Snake:3  | Identified the +0 leather armour of Xom's Approval {Drain
                  | rElec Dex+6}
 19996 | Snake:3  | Found Ziolaija's Antique Weapon Shoppe.
 20037 | Snake:3  | Reached skill level 15 in Invocations
 20225 | Snake:4  | Entered Level 4 of the Snake Pit
 20907 | Snake:4  | Reached XP level 18. HP: 81/92 MP: 26/30
 21047 | Snake:4  | Noticed Mara
 21061 | Snake:4  | Reached skill level 16 in Invocations
 21069 | Snake:4  | Noticed gruber's illusion
 21069 | Snake:4  | Killed Mara
 21176 | Snake:4  | Noticed Roxanne
 21485 | Snake:4  | Identified the +4 long sword of the Five Hells {heavy, rF+
                  | rC+ Str-3 Dex+5}
 21491 | Snake:4  | Identified the serpent talisman of Spite {SInv}
 21491 | Snake:4  | Noticed Aizul
 21502 | Snake:4  | Killed Aizul
 21770 | Snake:4  | Reached skill level 17 in Invocations
 22288 | Snake:4  | Noticed a quicksilver dragon
 22296 | Snake:4  | Killed a quicksilver dragon
 22305 | Snake:4  | Reached skill level 10 in Dodging
 22414 | Snake:4  | Got a serpentine rune of Zot
 23023 | Orc:2    | Bought the ring "Ynaus" {Fly rElec rC- Will++ Dex+6} for
                  | 827 gold pieces
 23247 | Shoals:1 | Entered Level 1 of the Shoals
 23247 | Shoals:1 | Found Miheavvy's CLEARANCE SALE!.
 23283 | Shoals:1 | Acquired the ring of Gir Voy {Drain Fly rPois rF+ rN+}
 23292 | Shoals:1 | Identified the +8 sling of the Forest {flame, rPois rCorr
                  | Str+6 Int-3}
 24229 | Shoals:2 | Reached XP level 19. HP: 96/96 MP: 32/32
 24629 | Shoals:2 | Reached skill level 10 in Armour
 25956 | Shoals:4 | Identified the of Aveduemo
 25956 | Shoals:4 | Entered Level 4 of the Shoals
 26295 | Shoals:4 | Paralysed by a formless jellyfish for 1 turns
 26424 | Shoals:4 | Noticed Polyphemus
 26436 | Shoals:4 | Killed Polyphemus
 26692 | Shoals:4 | Got a barnacled rune of Zot
 26811 | Shoals:4 | Identified the +11 hand axe "Megeus Iwom" {drain, Int+3
                  | Dex+3}
 27186 | Shoals:4 | Identified the ring "Upou" {Ice Int+2}
 27471 | Vaults:1 | Entered Level 1 of the Vaults
 27785 | Vaults:1 | Reached XP level 20. HP: 97/100 MP: 30/33
 28022 | Vaults:1 | Found a transporter.
 28064 | Vaults:1 | Found a transporter.
 28557 | Vaults:1 | Paralysed by a formless jellyfish for 1 turns
 29271 | Vaults:2 | Found Xamnurys's Book Shoppe.
 29474 | Vaults:2 | Found a staircase to the Crypt.
 29543 | Vaults:2 | Noticed Frederick
 29564 | Vaults:2 | Killed Frederick
 30342 | Vaults:3 | Reached skill level 15 in Dodging
 30803 | Vaults:3 | Identified the +0 trident of the Imbibing Rat {heavy, rC-
                  | Str+3 Int+3}
 31331 | Vaults:3 | Reached XP level 21. HP: 106/106 MP: 34/34
 31334 | Vaults:3 | Reached skill level 10 in Fighting
 31877 | Crypt:3  | Identified the of Uniocaibra
 31877 | Depths:1 | Identified the of Catitoulie
 31877 | Depths:1 | Identified the of Igesum
 31877 | Depths:1 | Identified the "Qilefef"
 31877 | Depths:1 | Identified the "Wawyogua"
 31877 | Depths:1 | Entered Level 1 of the Depths
 32443 | Depths:1 | Noticed a caustic shrike
 32449 | Depths:1 | Killed a caustic shrike
 32510 | Depths:1 | Noticed a caustic shrike
 32518 | Depths:1 | Killed a caustic shrike
 32619 | Depths:1 | Found a gateway to Hell.
 32808 | Depths:2 | Noticed Vv
 33242 | Depths:2 | Identified the orb "Foach" {mayhem, MP+9}
 33407 | Depths:2 | HP: 5/116 [poisoned by a green very ugly thing]
 33412 | Depths:2 | HP: 4/116 [poisoned by a green very ugly thing]
 33529 | Depths:2 | HP: 5/116 [Vv (46)]
 33536 | Depths:2 | Annihilated by Vv

Illustrated notes

Levels and vault maps discovered:
D:1:      minmay_arrival_four_circles, layout_basic,
          shapermc_ecumenical_altar_mp_ritualfount, serial_corexii_hall,
          corexii_hall_statues_u, chequers_hall_statues_y,
          chequers_hall_statues_y, corexii_hall_statues_i,
          chequers_hall_statues_corner_a, chequers_hall_statues_wall_a
D:2:      minmay_chambers_of_ones, layout_rooms, uniq_terence, uniq_natasha
D:3:      layout_basic, grunt_gozag_statues, nicolae_elevator_lobby_asterisk,
          uniq_crazy_yiuf_cottage, uniq_pargi, uniq_ijyb, uniq_grinder
D:4:      kb_forest_paths, layout_loops_ring, okawaru_ov_weapons_minmay,
          minmay_temple_entry_poolview, mainiacjoe_ossuary_entry_find_the_door,
          serial_shops, shop
D:5:      layout_basic, uniq_edmund
D:6:      layout_layer_cave, mainiacjoe_overflow_alcove_1, uniq_menkaure,
          uniq_eustachio, uniq_sigmund, uniq_pikel
D:7:      layout_gridville
D:8:      layout_loops_cross, kennysheep_slug_shrine,
          mainiacjoe_overflow_24_doors, mainiacjoe_overflow_alcove_4,
          uniq_jeremiah
D:9:      minmay_gate_of_8, layout_basic,
          mainiacjoe_overflow_concentric_impassable, lair_entry_dummy,
          serial_undead, serial_undead_d, serial_undead_d, serial_undead_f,
          serial_undead_f, serial_undead_f, serial_undead_e
D:10:     layout_irregular_city, demons_altar
D:11:     layout_small_grid, uniq_sonja
D:12:     layout_irregular_city, minmay_the_grid_square_5x5_3x3_mashed
          [minmay_the_grid_square_5x5_trominoes,
          minmay_the_grid_square_5x5_inverted_slash,
          minmay_the_grid_square_5x5_minimal, minmay_the_grid_square_5x5_seven,
          minmay_the_grid_square_5x5_megaprize_diamond,
          minmay_the_grid_square_5x5_n_small,
          minmay_the_grid_square_5x5_longway, minmay_the_grid_square_5x5_three,
          minmay_the_grid_square_5x5_hourglass]
D:13:     layout_basic, erik_vaults_1, serial_shops, shop, due_unseen_surprise,
          uniq_nessos, uniq_urug, uniq_rupert, uniq_kirke
D:14:     layout_irregular_city, kennysheep_cross_room, serial_ice,
          serial_ice_d, serial_ice_o, serial_ice_h, serial_ice_n, serial_ice_g,
          serial_ice_b, serial_ice_i, uniq_azrael
D:15:     hellmonk_depths_entry_around_the_bend, layout_irregular_city,
          hangedman_decor_points
Temple:   eino_temple_lava
Lair:1:   layout_layer_cave, serial_bayou_shore_b
Lair:2:   layout_cellular_growth, elwin_shoals_entry_stream,
          guppyfry_snake_entry_garden, chequers_serial_rivers_micro_c,
          chequers_serial_rivers_room_b, serial_bayou_shore_b
Lair:3:   layout_gridlike, serial_forest, infiniplex_forest_corner_1,
          infiniplex_forest_lined_2, infiniplex_forest_lined_corner,
          infiniplex_forest_end_2, infiniplex_forest_lined_corner,
          infiniplex_forest_clump_C, infiniplex_forest_zigzag_1,
          infiniplex_forest_lined_room_3, infiniplex_forest_pool, basic_altar,
          serial_bayou_shore_b, lemuel_fruit_fields
Lair:4:   layout_hall_layers, infiniplex_staircase_pool_2, grunt_megastairs_3,
          lemuel_fruit_fields
Lair:5:   hellmonk_lair_end_abyssal_woods, layout_regular_city,
          minmay_slime_entry_pillars
Shoals:1: layout_shoals, nicolae_shoals_lost_giant_temple,
          nicolae_shop_clearance
Shoals:2: layout_shoals
Shoals:3: layout_shoals
Shoals:4: shoals_end_grunt_ice, layout_shoals, uniq_polyphemus
Snake:1:  layout_onion_interference, nicolae_snake_coiling_death
Snake:2:  layout_misc_corridors, serial_shops, shop
Snake:3:  layout_rooms, serial_shops, shop
Snake:4:  hellmonk_snake_rune_quicksilver_temple, layout_chambers,
          nicolae_snake_salamander_jacuzzi, uniq_roxanne, uniq_aizul, uniq_mara
Orc:1:    layout_caves
Orc:2:    kennysheep_orc_mage_school, layout_diamond_mine
Vaults:1: gammafunk_dig_for_victory, nicolae_vaults_trapezoid_lopsided_2,
          v_rooms_1, nicolae_vaults_frosty_reception, vaults_room_grid,
          nicolae_vaults_ring_of_whatevers, ontoclasm_vaults_decontamination,
          layout_vaults_big_cross
Vaults:2: grunt_vaults_bifocal, nicolae_vaults_two_Ls, hangedman_vaults_cutoff,
          st_cross, minmay_crypt_entry_simple_statues, v_misc_15,
          ontoclasm_vaults_ring_small, v_pattern_3,
          nicolae_vaults_layer_cake_slice, nicolae_vaults_trapezoid_2,
          nicolae_vaults_tetromino_L_2, nicolae_vaults_tetromino_L_1,
          nicolae_vaults_tetromino_L_2, ontoclasm_vaults_ligature,
          vaults_dpeg_ring, layout_vaults_chaotic_city, serial_shops,
          nicolae_square_shop, uniq_frederick
Vaults:3: nicolae_vaults_ninety_degrees, hangedman_surveillance_ring, v_misc_32,
          nicolae_vaults_tangram_1, nicolae_vaults_house_1,
          nicolae_vaults_little_ls, dpeg_vaults_monster_box,
          nicolae_vaults_theta, nicolae_vaults_apartment_2,
          ontoclasm_vaults_eye, nicolae_vaults_variable_pillar_hall,
          vaults_room_hallway, layout_vaults_omnibox
Depths:1: layout_cave_pools, grunt_mini_vestibule, nicolae_tricolors,
          minmay_misc_feat_doors, hangedman_aviary
Depths:2: nicolae_cairo_tiling_large_dashed, layout_cave_pools,
          grunt_pan_entry_spiral, hangedman_coc_ice_floe, glass_columns_b,
          uniq_vv

Skill      XL: |  1  2  3  4  5  6  7  8  9 10 11 12 13 14 15 16 17 18 19 20 21 |
---------------+----------------------------------------------------------------+-----
Short Blades   | 2 3 4 |  4.7
Long Blades    | 3 5 6 9 10 11 14 15 | 15.3
Armour         | 4 6 8 9 11 12 | 12.1
Dodging        | 1 4 8 9 10 13 16 | 16.0
Shields        | 3 4 5 6 10 | 10.0
Invocations    | 9 11 15 17 | 17.3
Fighting       | 8 9 14 | 14.4
Stealth        | 11 | 11.0

Action                     |  1- 3 |  4- 6 |  7- 9 | 10-12 | 13-15 | 16-18 | 19-21 || total
---------------------------+-------+-------+-------+-------+-------+-------+-------++-------
  Melee: Rapier            |    49 |       |       |       |       |       |       ||    49
         Bite              |    14 |    11 |    48 |   118 |   176 |   356 |   570 ||  1293
         Dagger            |    26 |    38 |       |     6 |    13 |       |       ||    83
         Long sword        |       |    42 |   203 |   324 |   472 |   907 |  1182 ||  3130
         Scimitar          |       |       |       |       |       |    16 |       ||    16
 Invoke: Grand Finale      |       |       |       |       |       |     1 |     2 ||     3
         Line Pass         |       |       |       |       |       |     1 |       ||     1
         Stomp             |       |       |       |       |       |       |    11 ||    11
  Evoke: Wand              |       |     3 |       |     6 |     6 |     1 |     4 ||    20
    Use: Potion            |       |       |       |     1 |     1 |       |     4 ||     6
         Scroll            |       |       |       |       |    15 |    10 |     5 ||    30
   Stab: Paralysed         |       |       |     3 |    24 |    40 |   114 |   136 ||   317
         Sleeping          |       |       |     1 |       |       |    26 |    34 ||    61
         Distracted        |       |       |       |       |       |     7 |     6 ||    13
         Confused          |       |       |       |       |       |     1 |       ||     1
 Armour: Scale mail        |    39 |    48 |     5 |       |       |       |       ||    92
         Ring mail         |       |       |    95 |   176 |   237 |   383 |   401 ||  1292
  Dodge: Dodged            |    29 |    42 |    48 |   163 |   235 |   402 |   494 ||  1413
  Block: Buckler           |    14 |    16 |    27 |    68 |    93 |   207 |       ||   425
         Reflection        |       |       |       |       |       |    46 |    50 ||    96
         Kite shield       |       |       |       |       |       |   304 |   796 ||  1100

Table legend: (Time is in decaauts)
 A = Elapsed time spent in this place.
 B = Non-inter-level travel time spent in this place.
 C = Inter-level travel time spent in this place.
 D = Time resting spent in this place.
 E = Time spent auto-exploring this place.
 F = Levels seen in this place.
 G = Mean time per level.
                   A        B        C        D        E       F      G
               +--------+--------+--------+--------+--------+-----+--------+
         Total |  32985 |  29990 |   2995 |   1936 |  21339 |  37 |  891.5 |
       Dungeon |  11880 |  10413 |   1467 |    253 |   8079 |  15 |  792.0 |
        Temple |     16 |      8 |      8 |      0 |      0 |   1 |   16.0 |
          Lair |   4711 |   4285 |    426 |     21 |   3367 |   5 |  942.2 |
        Shoals |   3972 |   3839 |    133 |     81 |   2848 |   4 |  993.0 |
     Snake Pit |   4029 |   3891 |    138 |    744 |   2251 |   4 | 1007.2 |
  Orcish Mines |   2243 |   1678 |    565 |    361 |   1011 |   2 | 1121.5 |
        Vaults |   4235 |   4040 |    195 |    242 |   2963 |   3 | 1411.7 |
        Depths |   1584 |   1524 |     60 |    232 |    687 |   2 |  792.0 |
       Ossuary |    310 |    310 |      0 |      0 |    132 |   1 |  310.0 |
               +--------+--------+--------+--------+--------+-----+--------+

Top non-repeatable levels by time:
 Snake:4: 2523 daAuts
   Orc:2: 1686 daAuts
Vaults:3: 1462 daAuts
Vaults:2: 1388 daAuts
Vaults:1: 1384 daAuts
  Lair:5: 1341 daAuts
    D:13: 1323 daAuts
Shoals:4: 1206 daAuts
    D:14: 1061 daAuts
Depths:1: 1055 daAuts
  Lair:2: 1025 daAuts
     D:4: 1002 daAuts
Shoals:2: 988 daAuts
     D:9: 968 daAuts
    D:12: 944 daAuts
